BreadTh, neutral male human Tourist ---------- --------- |.........#####|.......| ------------ |........| #........| |...<......+ F@#####################|........| |.......| ----- |..........| #|.^...[>.| |.......| ##....| |........... #---.------ -----.--- # |..).# |..........| ---------- ##### # ### |...|# -.-------.-- ##...).....| # # # --.--# # ### # |........| ### # ### ## # ### # ### |........| ---.-- # # # # # ### # |........| |....| # # # # ### ### |.........#######|..... -.--.--# # ### # ---------- #.....| #####......|# # # ### |....| |.....|# `########### -.---- # |..... |......# #----.- |....|### ------ |.....| #.....| |..>.|# |....(| |.(..| |.....# |.....| |....| ------ ------- ------ BreadTh the Rambler Experience level: 1 Strength: 11 Dexterity: 13 Constitution: 15 Intelligence: 14 Wisdom: 13 Charisma: 14 Health: 0(14) Energy: 2(2) Def: 1 Gold: 947 Moves: 1600 Dungeon seed: YbutdoF60xyDY7-f Game ID: BreadTh_1510217801 Your Inventory: Coins $ - 947 gold pieces Weapons a - 40 uncursed +2 darts (in quiver) l - an uncursed +0 orcish dagger (weapon in hand) t - 11 uncursed +0 darts Armor e - an uncursed +0 Hawaiian shirt (being worn) n - an uncursed +0 pair of jumping boots (being worn) Comestibles b - an uncursed tripe ration c - 7 uncursed food rations Scrolls h - 4 uncursed scrolls of magic mapping q - an uncursed scroll of confuse monster y - an uncursed scroll of teleportation Spellbooks s - an uncursed spellbook of detect monsters Potions m - an uncursed potion of sleeping p - an uncursed potion of object detection Wands A - an uncursed wand of striking (0:6) Tools i - an uncursed expensive camera (0:61) j - an uncursed credit card x - an uncursed sack Gems r - an uncursed worthless piece of violet glass z - an uncursed worthless piece of black glass N - 2 uncursed worthless pieces of orange glass Spells and supernatural/magical abilities: Name Level Category Fail Memory W - pray for help -- divine ? -- Y - supernatural jump -- ability ? -- Your skills at the end: Fighting Skills Weapon Skills dart [Basic] Spellcasting Skills Final Attributes: You were nominally aligned. You could jump. You are dead. Vanquished creatures: 3 giant rats a brown mold 2 jackals a fox 2 kobolds 2 goblins 2 sewer rats 4 grid bugs a bat a lichen a kobold zombie 6 newts 26 creatures vanquished. Voluntary challenges: You were an atheist. You used a wielded weapon 18 times, starting on turn 276. You were illiterate. You never genocided any monsters. You never polymorphed an object. You never changed form. You used no wishes. You never split a pudding. You never wrote Elbereth's name. You never violated your personal moral code. Dungeon overview: The Dungeons of Doom: levels 1 to 3 Level 1 a fountain a long staircase Level 2 Level 3 <- You were here a long staircase History has recorded: On T:1 you entered the Dungeons of Doom to retrieve the Amulet of Yendor! On T:588 you reached level 2 of The Dungeons of Doom. On T:953 you reached level 3 of The Dungeons of Doom. Score breakdown: Gold: 250 ( 8162 points) Experience: 1 level ( 0 points) Exploration: 3 levels ( 6.25%) ( 6188 points) Discoveries: 1 item ( 0.34%) ( 1737 points) Valuables value: (no points given unless you survive) Artifact value: 0 ( 0 points) Variety of kills: 12 monsters ( 3.15%) ( 5324 points) Turncount: 1600 turns ( 0 points) Survival: died (score multiplied by 80%) Total score: 17128 Latest messages: Abbie bites the jackal. The jackal is killed! Abbie blocks your way. You displace Abbie. You see here a pair of buckled boots. You stop running. A board beneath you squeaks loudly. You stop running. You miss it. You hit it. The giant rat bites! You hit it. The giant rat bites! You kill the giant rat! You see here a giant rat corpse. This giant rat corpse tastes terrible! You finish eating the giant rat corpse. You displace Abbie. You hear some noises in the distance. You miss it. You hit it. (2x) You miss it. You are suddenly very cold! You die... The sack is empty. The sack is empty. Final status: Aloha BreadTh the Tourist, killed by a brown mold... You died in The Dungeons of Doom on dungeon level 3 with 17128 points, and 947 pieces of gold, after 1600 moves. You were level 1 with a maximum of 14 hit points when you died.